 Dungeon Crawl Stone Soup version 0.28.0 (webtiles) character file.

Game seed: 154533834816953114

130 freelancePsychic the Digger (level 5, -4/28 HPs)
             Began as a Gargoyle Earth Elementalist on Feb 13, 2022.
             Was an Initiate of the Shining One.
             Slain by an orc warrior (13 damage)
             ... on level 5 of the Dungeon.
             The game lasted 00:06:41 (2777 turns).

freelancePsychic the Digger (GrEE)                  Turns: 2777, Time: 00:06:41

Health: -4/28      AC:  7    Str: 12    XL:     5   Next: 13%
Magic:  9/9        EV: 11    Int: 17    God:    the Shining One [......]
Gold:   121        SH:  0    Dex: 10    Spells: 9/10 levels left

rFire   + . .      SeeInvis .   h - +3 short sword (venom)
rCold   . . .      Faith    .   (no shield)
rNeg    + + .      Spirit   .   b - +0 robe
rPois   ∞          Reflect  .   d - +0 helmet
rElec   +          Harm     .   (no cloak)
rCorr   .          Rampage  .   (no gloves)
Will    +....                   (no boots)
Stlth   +.........              (no amulet)
HPRegen 0.09/turn               m - ring of the Well-Known Ears {rF+ rN+}
MPRegen 0.11/turn               n - ring of willpower

@: attractive, glowing
A: sickness immunity, AC +4, negative energy resistance 1, electricity
resistance, torment resistance 1, petrification resistance
a: Renounce Religion


You were on level 5 of the Dungeon.
You worshipped the Shining One.
The Shining One was noncommittal.
You visited 1 branch of the dungeon, and saw 4 of its levels.

You collected 121 gold pieces.

Inventory:

Hand Weapons
 e - a +4 dagger
 h - a +3 short sword of venom (weapon)
Missiles
 c - 19 stones
Armour
 b - a +0 robe (worn)
 d - a +0 helmet (worn)
Jewellery
 m - the ring of the Well-Known Ears (left hand) {rF+ rN+}
   (You found it on level 3 of the Dungeon)

   [ring of positive energy]

   rF:        It protects you from fire.
   rN:        It protects you from negative energy.
 n - a ring of willpower (right hand)
Wands
 j - a wand of paralysis (3)
Scrolls
 a - a scroll of enchant armour
 g - 3 scrolls of enchant weapon
Potions
 f - a potion of heal wounds {@q2}
 l - a potion of flight {unknown}


   Skills:
 - Level 1.5 Dodging
 - Level 2.1 Stealth
 + Level 3.1 Spellcasting
 + Level 2.7 Conjurations
 - Level 0.7 Transmutations
 + Level 4.8 Earth Magic
 + Level 0.7 Invocations


You had 9 spell levels left.
You knew the following spells:

 Your Spells              Type           Power      Damage    Failure   Level
a - Sandblast             Erth           36%        2d10      2%          1

Your spell library contained the following spells:

 Spells                   Type           Power      Damage    Failure   Level
 Passwall                 Tmut/Erth      10%        N/A       9%          2
 Stone Arrow              Conj/Erth      30%        3d8       11%         3
 Scorch                   Fire           4%         2d5       26%         2
 Petrify                  Tmut/Erth      12%        N/A       50%         4
 Flame Wave               Conj/Fire      7%         2d5       69%         4
 Summon Cactus Giant      Summ           1%         N/A       100%        6


Dungeon Overview and Level Annotations

Branches:
Dungeon (3/15)

Altars:
Fedhas
Gozag
Ru
Trog
Xom
The Shining One

Shops:
D:3 [


Innate Abilities, Weirdness & Mutations

You are immune to sickness and miasma.
Your stone body is resilient. (AC +4)
You are immune to poison.
You resist negative energy. (rN+)
You are resistant to electric shocks. (rElec)
You are resistant to unholy torment.
You are immune to petrification.


Message History

The blast of sand hits the worm!
You kill the worm!
j - a wand of paralysis (3)
o - a scroll labelled DIOLOD AKHLIGUA
There is a stone staircase leading down here.
p - a scroll labelled TOACSA GUEPO
Okay, then.
Unknown command.
As you read the scroll labelled ACZEOFR MIBU, it crumbles to dust.
You feel strangely unstable.
It was a scroll of teleportation.
Your surroundings suddenly seem different.
Found an opulent altar of Gozag.
Unknown command.
Found an escape hatch in the ceiling.
There is an escape hatch in the ceiling here.
There is an escape hatch in the ceiling here.
A sourceless malevolence fills the Dungeon...
You fall into a shaft and drop 2 floors!
The shaft crumbles and collapses.
An orc warrior and 2 orcs come into view.
The orc shouts! x2
Found a scroll labelled TOACSA GUEPO and 18 stones.
Blink to where?
Press: ? - help, Dir - move target
As you read the scroll labelled DIOLOD AKHLIGUA, it crumbles to dust.
It was a scroll of blinking.
As you read the scroll labelled TOACSA GUEPO, it crumbles to dust.
The scroll dissolves into smoke.
It was a scroll of fog.
Okay, then.
It was a potion of heal wounds.
You feel much better.
It was a potion of attraction.
You feel attractive to monsters. The orc hits you but does no damage.
You completely miss the orc. The orc hits you with a +0 flail.
The orc hits you with a +0 war axe!
You puncture the orc warrior!
The orc warrior is poisoned.
The orc warrior is moderately wounded.
The orc hits you with a +0 flail!
The orc warrior hits you with a +0 long sword!
You die...

....#####
#.....#
#.....#
#....o#
#.....#
#.?..§#
#.(§§§#
#.§§oo#
#...o@#
#...§§#
#######


You could see an orc warrior (very poisoned) and 2 orcs.

Vanquished Creatures
  A gnoll (D:1)
  3 adders
  7 worms
  2 dart slugs (D:2)
  An orc (D:3)
  8 endoplasms
  4 giant cockroaches
  4 goblins
  4 hobgoblins
  3 jackals (D:2)
  4 quokkas
  A ball python (D:2)
  5 bats
  4 frilled lizards
  8 kobolds
  7 rats
66 creatures vanquished.

Notes
Turn   | Place    | Note
-------+----------+-------------------------------------------
     0 | D:1      | freelancePsychic the Gargoyle Earth Elementalist began the
                  | quest for the Orb.
     0 | D:1      | Reached XP level 1. HP: 10/10 MP: 3/3
   207 | D:1      | Reached skill level 1 in Conjurations
   207 | D:1      | Reached skill level 4 in Earth Magic
   207 | D:1      | Reached XP level 2. HP: 13/15 MP: 0/5
   477 | D:1      | Found a faded altar of an unknown god.
   494 | D:1      | Reached XP level 3. HP: 15/19 MP: 6/6
  1192 | D:2      | Reached XP level 4. HP: 24/24 MP: 0/8
  2131 | D:3      | Found a sacrificial altar of Ru.
  2131 | D:3      | Found a bloodstained altar of Trog.
  2131 | D:3      | Found a glowing golden altar of the Shining One.
  2134 | D:3      | Found a shimmering altar of Xom.
  2134 | D:3      | Found a blossoming altar of Fedhas.
  2179 | D:3      | Became a worshipper of the Shining One
  2261 | D:3      | Identified the ring of the Well-Known Ears {rF+ rN+}
  2303 | D:3      | Found Unass's Armour Shoppe.
  2354 | D:3      | Reached XP level 5. HP: 24/28 MP: 9/9
  2650 | D:3      | Found an opulent altar of Gozag.
  2771 | D:3      | You fall into a shaft and drop 2 floors!
  2771 | D:5      | Entered Level 5 of the Dungeon
  2771 | D:5      | Noticed an orc warrior
  2777 | D:5      | Slain by an orc warrior

Illustrated notes

Levels and vault maps discovered:
D:1:      lemuel_arrival_cross, layout_basic, ebering_ecumenical_altar_abandoned
D:2:      layout_basic
D:3:      layout_loops_ring, nicolae_qazlal_style_of_elements, zin_angel,
          grunt_gozag_statues, grunt_temple_overflow_open, serial_shops,
          nicolae_shop_trees, nicolae_wormholes
D:5:      minmay_inner_zag, layout_gridville, nicolae_uskayaw_en_pointe,
          old_standard_altar, minmay_temple_entry_poolview

Skill      XL: |  1  2  3  4 |
---------------+-------------+-----
Conjurations   | 1 2 |  2.7
Earth Magic    | 4 |  4.8
Spellcasting   | 3 |  3.1
Dodging        | |  1.5
Stealth        | |  2.1
Transmutations | |  0.7
Invocations    | |  0.7

Action                   |  1- 3 |  4- 6 || total
-------------------------+-------+-------++-------
Melee: Whip              |     9 |       ||     9
       Dagger            |     4 |       ||     4
       Short sword       |       |    74 ||    74
 Cast: Sandblast         |    45 |    11 ||    56
  Use: Scroll            |       |     5 ||     5
       Potion            |       |     2 ||     2
 Stab: Sleeping          |       |     1 ||     1
Armor: Robe              |    10 |    27 ||    37
Dodge: Dodged            |    12 |    38 ||    50
